 Dungeon Crawl Stone Soup version 0.19-a0-713-g934ebc7 (webtiles) character file.

7172 nubinia the Infuser (level 10, -9/68 HPs)
             Began as a High Elf Conjurer on June 20, 2016.
             Was a High Priest of Hepliaklqana.
             Mangled by tstbtto's ghost (18 damage)
             ... on level 10 of the Dungeon.
             The game lasted 01:13:15 (11617 turns).

nubinia the Infuser (High Elf Conjurer)            Turns: 11617, Time: 01:13:17

Health: -9/68      AC:  7    Str:  7    XL:     10   Next: 86%
Magic:  11/32      EV: 15    Int: 34    God:    Hepliaklqana [*****.]
Gold:   675        SH:  5    Dex: 18    Spells: 4 memorised, 13 levels left

rFire  + + .     SeeInvis .     g - +1 dagger (drain)
rCold  . . .     Gourm    .     h - +2 leather armour {rF+}
rNeg   . . .     Faith    .     r - +0 buckler
rPois  +         Spirit   .     q - +2 hat
rElec  .         Dismiss  .     (no cloak)
rCorr  .         Reflect  .     (no gloves)
SustAt +         Harm     .     (no boots)
MR     +....     Rnd*Rage +     Q - amulet of Amenuxip {*Drain +Rage rPois MP+9 Int+7}
Stlth  +++.......               C - +4 ring of intelligence
                                l - ring of sustain attributes

@: very slightly contaminated, somewhat resistant to hostile enchantments,
fairly stealthy
A: berserk 1, clever 1, fire resistance 1, robust 1, screaming 1
a: Recall Ancestor, Ancestor Identity, Transference, Idealise, Renounce
Religion, Evoke Berserk Rage


You were on level 10 of the Dungeon.
You worshipped Hepliaklqana.
Hepliaklqana was extremely pleased with you.
You were not hungry.

You visited 2 branches of the dungeon, and saw 11 of its levels.

You collected 675 gold pieces.

Inventory:

Hand Weapons
 g - a +1 dagger of draining (weapon)
 m - a +0 long sword of holy wrath
Armour
 a - a +0 robe
 h - a +2 leather armour of fire resistance (worn)
 q - a +2 hat (worn)
 r - a +0 buckler (worn)
Jewellery
 l - a ring of sustain attributes (left hand)
 C - a +4 ring of intelligence (right hand)
 Q - the amulet of Amenuxip (around neck) {*Drain +Rage rPois MP+9 Int+7}
   (You found it on level 10 of the Dungeon)

   [amulet of rage]

   It affects your intelligence (+7).
   It protects you from poison.
   It affects your magic capacity (+9).
   It lets you go berserk.
   It causes draining when unequipped.
Wands
 f - a wand of digging (7/24)
 F - a wand of lightning (11/15)
 G - a wand of flame (36/48)
 I - a wand of random effects (18/48)
 J - a wand of teleportation (4/9)
 M - a wand of iceblast (7/15)
 O - a wand of random effects (26/48)
Scrolls
 o - 2 scrolls of magic mapping
 s - a scroll of enchant weapon
 x - 3 scrolls of remove curse
 y - 2 scrolls of amnesia
 P - a scroll of fog
Potions
 d - 2 potions of heal wounds
 e - 2 potions of resistance
 j - 2 potions of invisibility
 n - 2 potions of agility
 p - 5 potions of curing
 u - a potion of might {unknown}
 v - a potion of brilliance
 w - 2 potions of cancellation
 z - 2 potions of flight
 B - a potion of cure mutation {unknown}
 D - a potion of lignification
 H - a potion of berserk rage {unknown}
 L - a potion of magic
Books
 b - a book of Conjurations

   Spells                             Type                      Level
   a - Magic Dart                     Conjuration                  1
   b - Searing Ray                    Conjuration                  2
   c - Dazzling Spray                 Conjuration/Hexes            3
   d - Fulminant Prism                Conjuration/Hexes            4
   e - Iskenderun's Mystic Blast      Conjuration                  4
   f - Iskenderun's Battlesphere      Conjuration/Charms           5
 A - a book of the Dragon

   Spells                             Type                      Level
   a - Flame Tongue                   Conjuration/Fire             1
   b - Cause Fear                     Hexes                        4
   c - Bolt of Fire                   Conjuration/Fire             6
   d - Dragon Form                    Transmutation                7
   e - Dragon's Call                  Summoning                    9
Comestibles
 c - 9 bread rations
 i - a fruit
 t - 6 beef jerkies
 E - 3 meat rations
 K - 7 slices of pizza


   Skills:
 + Level 2.8 Fighting
 + Level 1.3(2.0) Short Blades
 + Level 2.2(2.4) Long Blades
 + Level 3.8 Armour
 + Level 5.6 Dodging
 + Level 5.1 Stealth
 + Level 1.9 Shields
 + Level 8.6 Spellcasting
 + Level 9.8 Conjurations
 + Level 10.4 Charms
 + Level 0.9 Invocations


You had 13 spell levels left.
You knew the following spells:

 Your Spells              Type           Power        Failure   Level  Hunger
a - Magic Dart            Conj           ####         1%          1    None
b - Iskenderun's Mystic   Conj           ######..     1%          4    None
c - Dazzling Spray        Conj/Hex       #####.       2%          3    None
i - Iskenderun's Battles  Conj/Chrm      ######..     2%          5    ###....


Dungeon Overview and Level Annotations

Branches:
Dungeon (10/15)            Temple (1/1) D:6            Lair (0/6) D:10
    Orc (0/2) D:9

Altars:
Ashenzari
Cheibriados
Dithmenos
Elyvilon
Fedhas
Gozag
Hepliaklqana
Kikubaaqudgha
Makhleb
Nemelex Xobeh
Okawaru
Pakellas
Qazlal
Ru
Sif Muna
Trog
Uskayaw
Vehumet
Xom
Yredelemnul
Zin
The Shining One

Shops:
D:6 (

Annotations:
D:10 tstbtto's ghost, journeyman HOFi


Innate Abilities, Weirdness & Mutations

You tend to lose your temper in combat.
Your mind is acute. (Int +2)
Your flesh is heat resistant. (rF+)
You are robust. (+10% HP)
You occasionally shout uncontrollably at your foes.


Message History

The barrage of energy hits tstbtto's ghost.
Tstbtto's ghost is almost destroyed.
You block tstbtto's ghost's attack.
All of the chunks of flesh in your inventory have rotted away.
Unknown command.
Unknown command.
Unknown command.
Casting: Magic Dart
Confirm with . or Enter, or press ? or * to list all spells.
Aiming: Magic Dart
Press: ? - help, Shift-Dir - straight line, f/p - tstbtto's ghost
Aim: tstbtto's ghost (almost destroyed)
The magic dart hits tstbtto's ghost.
Tstbtto's ghost is almost destroyed.
Tiberia barely misses tstbtto's ghost.
Your battlesphere fires!
The barrage of energy hits tstbtto's ghost.
Tstbtto's ghost is almost destroyed.
Tstbtto's ghost hits you!!
You die...

#'## #>#<# ..# #...# ####
###.# ...# #####+#### #.# #
...###........# ####.## #
.....#........# ###.....# #
...#.#........######.......#
#### ...#
#........##.*...#.....###...
...#
+........RW@#####.........##
)### #........####
#.....###### .# ####+#####
##.#### # ## #...### #
###...## # ###..# ##### ##.#
## ....# #######.###. ....#
.......).##.


You could see the friendly Tiberia the knight, tstbtto's ghost and a friendly
battlesphere.

Vanquished Creatures
  A cyclops (D:10)
  The ghost of ololoev the Cudgeler, an amateur NaSk of Xom (D:4)
  2 two-headed ogres
  A hog (D:8)
  A human (D:8)
  A yak (D:8)
  Grum (D:8)
  2 hippogriffs (D:9)
  A hungry ghost (D:7)
  A warg (D:9)
  2 orc warriors
  An ice beast (D:8)
  2 sky beasts
  3 ogres
  2 phantoms
  A centaur (D:6)
  A wolf (D:8)
  9 killer bees
  9 howler monkeys
  4 crimson imps
  A wasp zombie (D:8)
  A quasit (D:9)
  A giant frog zombie (D:7)
  2 hounds
  A centaur skeleton (D:9)
  A gnoll shaman (D:4)
  3 jellies
  8 orc priests
  Ijyb (D:2)
  A giant frog skeleton (D:7)
  12 orc wizards
  Natasha (D:2)
  5 worker ants
  2 sheep (D:8)
  A hound zombie (D:7)
  A hound skeleton (D:10)
  16 gnolls
  11 adders
  An adder zombie (D:7)
  A worm (D:3)
  A dart slug (D:2)
  2 giant geckos
  27 orcs
  13 bats
  9 giant cockroaches
  7 goblins
  6 hobgoblins
  23 jackals
  5 kobolds
  4 quokkas
  3 ball pythons
  A giant gecko zombie (D:8)
  3 giant newts
  A quokka zombie (D:8)
  3 rats
  A butterfly (D:8)
226 creatures vanquished.

Vanquished Creatures (collateral kills)
  A water moccasin (D:8)
  An orc warrior (D:7)
  3 sky beasts
  2 ogres
  A centaur (D:7)
  2 killer bees (D:10)
  A howler monkey (D:4)
  A crimson imp (D:7)
  A giant frog zombie (D:5)
  A centaur zombie (D:5)
  An orc wizard (D:9)
  A centaur skeleton (D:6)
  5 orc priests
  4 iguanas
  Natasha (D:2)
  3 worker ants
  A hound skeleton (D:5)
  20 gnolls
  5 adders
  A shadow imp (D:5)
  An ooze (D:4)
  An adder zombie (D:5)
  2 worms
  2 giant geckos
  9 orcs
  A giant cockroach (D:5)
  2 hobgoblins (D:2)
  5 jackals
  A quokka (D:3)
  A kobold (D:3)
81 creatures vanquished.

Vanquished Creatures (others)
  An ancestor (D:4)
1 creature vanquished.

Grand Total: 308 creatures vanquished

Notes
Turn   | Place    | Note
--------------------------------------------------------------
     0 | D:1      | nubinia the High Elf Conjurer began the quest for the Orb.
     0 | D:1      | Reached XP level 1. HP: 11/11 MP: 4/4
   259 | D:1      | Reached XP level 2. HP: 17/17 MP: 3/6
   369 | D:1      | Reached skill level 5 in Conjurations
   917 | D:2      | Found a hazy altar of Hepliaklqana.
   933 | D:2      | Reached XP level 3. HP: 7/21 MP: 0/7
  1148 | D:2      | Became a worshipper of Hepliaklqana
  1451 | D:2      | Noticed Natasha
  1456 | D:2      | Killed Natasha
  1522 | D:2      | Noticed Ijyb
  1532 | D:2      | Killed Ijyb
  1532 | D:2      | Reached XP level 4. HP: 18/27 MP: 1/9
  1914 | D:2      | Found an oddly glowing altar of Pakellas.
  1915 | D:2      | Noticed a cyan ugly thing
  2085 | D:2      | Noticed Natasha
  2091 | D:2      | Killed Natasha
  2091 | D:2      | Reached XP level 5. HP: 32/32 MP: 7/10
  2102 | D:2      | Learned a level 4 spell: Iskenderun's Mystic Blast
  2259 | D:3      | Reached * piety under Hepliaklqana
  2421 | D:3      | Found a shattered altar of Ashenzari.
  2500 | D:3      | Learned a level 5 spell: Iskenderun's Battlesphere
  2828 | D:3      | Reached skill level 1 in Charms
  3177 | D:4      | Noticed an ogre
  3196 | D:4      | Killed an ogre
  3196 | D:4      | Reached skill level 3 in Charms
  3196 | D:4      | Reached XP level 6. HP: 31/37 MP: 1/11
  3199 | D:4      | Reached ** piety under Hepliaklqana
  3235 | D:4      | Remembered your ancestor Tiberia as a knight
  3325 | D:4      | Reached skill level 4 in Charms
  3409 | D:4      | Noticed ololoev's ghost (amateur NaSk)
  3720 | D:4      | Found a hide-covered altar of Uskayaw.
  3723 | D:4      | Found a blossoming altar of Fedhas.
  3814 | D:4      | Killed ololoev's ghost
  3814 | D:4      | Reached skill level 6 in Charms
  3814 | D:4      | Reached XP level 7. HP: 27/42 MP: 1/12
  3990 | D:4      | Reached skill level 7 in Charms
  4277 | D:5      | Entered Level 5 of the Dungeon
  4454 | D:5      | Found a white marble altar of Elyvilon.
  4487 | D:5      | Reached skill level 8 in Charms
  5054 | D:5      | Reached skill level 9 in Charms
  5062 | D:5      | Reached XP level 8. HP: 47/47 MP: 6/13
  5203 | D:5      | Reached skill level 1 in Armour
  5310 | D:4      | Reached skill level 1 in Fighting
  6006 | D:5      | Reached *** piety under Hepliaklqana
  7179 | D:6      | Found a staircase to the Ecumenical Temple.
  7185 | Temple   | Entered the Ecumenical Temple
  7201 | Temple   | Reached **** piety under Hepliaklqana
  7261 | D:6      | Reached XP level 9. HP: 54/54 MP: 6/17
  7385 | D:6      | Found Heomaas's Weapon Shoppe.
  7527 | D:6      | Found a glowing silver altar of Zin.
  7845 | D:7      | Reached skill level 5 in Spellcasting
  7886 | D:7      | Reached skill level 1 in Shields
  8435 | D:7      | Reached skill level 1 in Long Blades
  8505 | D:8      | Found a shimmering altar of Xom.
  8532 | D:8      | Reached skill level 1 in Short Blades
  8662 | D:8      | Noticed Grum
  8667 | D:8      | Killed Grum
  8830 | D:8      | Reached skill level 10 in Charms
  8833 | D:8      | Reached XP level 10. HP: 61/61 MP: 3/20
  9757 | D:9      | Found a snail-covered altar of Cheibriados.
  9761 | D:9      | Reached skill level 5 in Dodging
 10112 | D:9      | Found a staircase to the Orcish Mines.
 10117 | D:9      | Reached skill level 5 in Stealth
 10498 | D:9      | Learned a level 3 spell: Dazzling Spray
 10861 | D:10     | Entered Level 10 of the Dungeon
 10888 | D:10     | Gained mutation: You tend to lose your temper in combat. [potion of mutation]
 10888 | D:10     | Gained mutation: You are weak. (Str -2) [potion of mutation]
 10888 | D:10     | Gained mutation: Your mind is acute. (Int +2) [potion of mutation]
 10891 | D:10     | Lost mutation: You are weak. (Str -2) [potion of beneficial mutation]
 10892 | D:10     | Gained mutation: Your flesh is heat resistant. (rF+) [potion of mutation]
 10892 | D:10     | Gained mutation: You are robust. (+10% HP) [potion of mutation]
 10892 | D:10     | Gained mutation: You occasionally shout uncontrollably at your foes. [potion of mutation]
 10938 | D:10     | Found a staircase to the Lair.
 11135 | D:10     | Reached ***** piety under Hepliaklqana
 11372 | D:10     | Noticed a cyclops
 11379 | D:10     | Killed a cyclops
 11496 | D:10     | Got a transparent zirconium amulet
 11497 | D:10     | Identified the amulet of Amenuxip {*Drain +Rage rPois MP+9 Int+7} (You found it on level 10 of the Dungeon)
 11590 | D:10     | Noticed tstbtto's ghost (journeyman HOFi)
 11617 | D:10     | Mangled by tstbtto's ghost

Vault maps used:
D:1:      minmay_arrival_floating_metal
D:2:      nicolae_overflow_crystal_walls, gammafunk_pakellas_cloud_experiment,
          hex_large, uniq_natasha, uniq_iyjb
D:3:      lemuel_crystal_altar, serial_bayou, serial_bayou_shore_a,
          serial_bayou_pond_a, serial_bayou_ford_a, serial_bayou_pond_d
D:4:      minitemple
D:5:      lemuel_castle_with_subvaults, lemuel_doored_altar, first_bread
D:6:      lemuel_coloured_pillars_altar, minmay_temple_entry_trees,
          serial_shops, nicolae_shop_behind_doors
D:8:      xom_butterflies, grunt_livestock, uniq_grum
D:9:      cheibriados_altar_1, erik_orc_4, minmay_misc_feat_columns
D:10:     lair_0_dummy
Temple:   circular_temple_13

Skill      XL: |  1  2  3  4  5  6  7  8  9 10 |
---------------+-------------------------------+-----
Conjurations   | 5 6 7 8 9 |  9.8
Spellcasting   | 3 4 6 8 |  8.6
Stealth        | 3 4 5 |  5.1
Charms         | 3 6 9 10 | 10.4
Armour         | 2 3 |  3.8
Fighting       | 2 |  2.8
Dodging        | 4 5 |  5.6
Shields        | 1 |  1.9
Long Blades    | 1 2 |  2.2
Short Blades   | 1 |  1.3
Invocations    | |  0.9

Action                   |  1- 3 |  4- 6 |  7- 9 | 10-12 || total
-------------------------+-------+-------+-------+-------++-------
Melee: Dagger            |    16 |    50 |   109 |    30 ||   205
       Long sword        |       |       |    15 |    17 ||    32
 Cast: Magic Dart        |    65 |    83 |   242 |   139 ||   529
       Iskenderun's Myst |       |     2 |     1 |     2 ||     5
       Iskenderun's Batt |       |       |    21 |    31 ||    52
Invok: Recall Ancestor   |       |     1 |     4 |     1 ||     6
       Ancestor Life: Kn |       |     1 |       |       ||     1
       Transference      |       |       |     2 |       ||     2
  Use: Scroll            |     2 |    11 |     4 |     6 ||    23
       Potion            |       |       |     1 |     6 ||     7
 Stab: Sleeping          |     1 |     3 |     6 |     2 ||    12
       Distracted        |       |       |     1 |     1 ||     2
  Eat: Chunk             |     2 |     7 |    21 |    15 ||    45
       Fruit             |       |       |     2 |       ||     2
Armor: Robe              |     3 |       |       |       ||     3
       Leather armour    |     6 |    12 |    43 |    14 ||    75
Dodge: Dodged            |    16 |    47 |   108 |    40 ||   211
Block: Buckler           |       |     3 |    26 |    19 ||    48
